AoeStats
← waLLefps.

Arena

506867631Analyzed
4v4 RM · 18d ago on Sep 15, 2026· 68m 24s· 8 players
Game mode
Random Map
Map size
Large (8 player)
Population
200
Speed
Normal
Resources
Standard
Victory
Conquest
Starting age
Dark Age
Ending age
Imperial Age
RankedLock teamsTeams togetherTeam positionsShared explorationLock speedFull tech treeHidden civsTurbo modeCheats
Victory
Defeat
🇨🇿 Burmese · Czechia
1392
+17
🇨🇳 Celts · China
1382
+17
🇨🇳 Portuguese · China
1377
+17
🇯🇵 Chinese · Japan
1340
+18
🇹🇷 Spanish · Türkiye
1429
-18
🇹🇷 Hindustanis · Türkiye
1423
-18
🇹🇷 Malians · Türkiye
1407
-18
🇪🇸 Celts · Spain
1351
-15
τττß讠τㄷん
0:33 Loom
10:57 Feudal Age
12:22 Stone Mining
15:03 Castle Age
13:23 Double-Bit Axe
13:59 Horse Collar
15:59 Bow Saw
23:37 Fletching
25:51 Gold Mining
26:43 Wheelbarrow
26:47 Bodkin Arrow
31:23 Imperial Age
29:39 Gold Shaft Mining
32:12 Bracer
32:13 Padded Archer Armor
33:15 Chemistry
31:41 Capped Ram
32:20 Siege Ram
33:39 Leather Archer Armor
33:47 Ballistics
35:22 Ring Archer Armor
35:45 Masonry
38:15 Stone Shaft Mining
37:28 Elite Chu Ko Nu
39:09 Conscription
41:40 Thumb Ring
50:27 Two-Man Saw
57:01 Architecture
鹏程
10:20 Feudal Age
14:22 Castle Age
13:09 Double-Bit Axe
13:18 Horse Collar
17:19 Bow Saw
23:59 Town Watch
27:48 Imperial Age
26:33 Heavy Plow
30:18 Chemistry
30:55 Masonry
33:54 Wheelbarrow
34:23 Two-Man Saw
33:22 Fletching
36:26 Bodkin Arrow
35:59 Crossbowman
36:31 Arbalester
38:13 Hand Cart
38:59 Bracer
39:47 Padded Archer Armor
41:32 Thumb Ring
41:52 Ballistics
43:28 Guilds
43:58 Leather Archer Armor
48:20 Architecture
50:01 Ring Archer Armor
49:51 Arquebus
52:06 Conscription
53:14 Siege Engineers
53:29 Loom
53:58 Guard Tower
野象
10:36 Feudal Age
11:55 Double-Bit Axe
14:41 Castle Age
13:42 Horse Collar
15:40 Bow Saw
15:31 Heavy Plow
20:52 Loom
21:48 Wheelbarrow
28:23 Imperial Age
27:20 Gold Mining
28:55 Heavy Scorpion
31:01 Furor Celtica
32:07 Ballistics
32:29 Siege Engineers
34:23 Chemistry
32:56 Capped Ram
34:34 Siege Ram
34:41 Siege Ram
41:38 Scale Mail Armor
41:48 Forging
45:34 Conscription
46:06 Chain Mail Armor
45:16 Pikeman
47:12 Plate Mail Armor
48:13 Halberdier
51:16 Arson
60:23 Elite Woad Raider
DetectiveYemitoShumafuk
10:34 Feudal Age
14:04 Castle Age
11:52 Horse Collar
14:52 Heavy Plow
22:31 Wheelbarrow
21:44 Loom
23:53 Sanctity
26:19 Hand Cart
26:25 Gold Mining
30:04 Imperial Age
27:22 Town Watch
28:40 Bloodlines
28:31 Husbandry
28:37 Scale Barding Armor
28:43 Forging
27:56 Pikeman
28:38 Squires
29:03 Scale Mail Armor
30:49 Iron Casting
30:04 Gambesons
31:49 Chemistry
30:11 Halberdier
31:07 Chain Mail Armor
31:04 Man-at-Arms
33:00 Blast Furnace
33:21 Plate Mail Armor
33:11 Chain Barding Armor
35:08 Conscription
35:47 Plate Barding Armor
34:51 Elite Battle Elephant
36:16 Padded Archer Armor
36:16 Elite Arambai
37:01 Manipur Cavalry
37:05 Arson
38:07 Parthian Tactics
40:07 Masonry
41:43 Gold Shaft Mining
45:20 Long Swordsman
46:28 Howdah
46:16 Two-Handed Swordsman
46:59 Champion
58:15 Redemption
58:22 Block Printing
59:39 Block Printing
60:03 Caravan
65:21 Crop Rotation
65:09 Fletching
65:27 Siege Engineers
65:55 Architecture
klostrofobikköstebek
10:12 Feudal Age
14:25 Castle Age
12:15 Double-Bit Axe
12:38 Horse Collar
17:58 Wheelbarrow
17:28 Heavy Plow
19:27 Loom
21:52 Hand Cart
23:21 Bow Saw
27:20 Imperial Age
24:56 Gold Mining
26:07 Scale Barding Armor
26:13 Forging
27:05 Gold Shaft Mining
26:21 Stone Mining
27:30 Chain Barding Armor
27:12 Husbandry
27:22 Bloodlines
28:07 Stone Shaft Mining
28:23 Iron Casting
27:57 Heavy Camel Rider
29:57 Plate Barding Armor
31:37 Blast Furnace
31:36 Imperial Camel Rider
33:26 Chemistry
34:50 Padded Archer Armor
34:41 Fletching
36:17 Shatagni
38:28 Leather Archer Armor
38:09 Bodkin Arrow
41:56 Ring Archer Armor
41:32 Bracer
42:04 Light Cavalry
43:10 Hussar
43:13 Elite Skirmisher
45:15 Scale Mail Armor
47:18 Chain Mail Armor
49:30 Caravan
51:18 Thumb Ring
53:56 Coinage
53:50 Grand Trunk Road
56:56 Ballistics
Mr.Brrum
10:27 Feudal Age
12:17 Loom
14:56 Castle Age
12:46 Double-Bit Axe
13:11 Horse Collar
15:49 Bow Saw
23:53 Wheelbarrow
23:08 Town Watch
23:49 Devotion
29:10 Imperial Age
26:45 Scale Mail Armor
27:53 Heavy Plow
28:14 Chain Mail Armor
29:01 Hand Cart
29:25 Forging
30:33 Plate Mail Armor
29:40 Capped Ram
32:11 Iron Casting
32:59 Fletching
32:58 Pikeman
34:40 Blast Furnace
34:04 Conscription
33:45 Halberdier
35:33 Bodkin Arrow
36:37 Gold Mining
36:38 Stone Mining
37:53 Onager
40:00 Siege Ram
41:17 Onager
41:49 Onager
45:29 Heavy Scorpion
49:04 Chemistry
48:25 Ballistics
50:04 Siege Engineers
51:29 Furor Celtica
54:38 Caravan
waLLefps.
3:42 Loom
13:01 Feudal Age
13:41 Double-Bit Axe
13:38 Horse Collar
16:26 Castle Age
15:54 Stone Mining
17:38 Bow Saw
17:41 Heavy Plow
18:03 Fletching
19:37 Loom
20:30 Wheelbarrow
28:16 Imperial Age
26:37 Padded Archer Armor
28:03 Leather Archer Armor
30:16 Chemistry
29:42 Gold Mining
30:37 Ring Archer Armor
31:12 Hand Cart
30:52 Town Watch
34:01 Two-Man Saw
34:27 Bloodlines
34:17 Husbandry
34:54 Elite Conquistador
36:04 Ballistics
40:15 Light Cavalry
41:41 Hussar
42:47 Scale Barding Armor
42:53 Forging
46:12 Chain Barding Armor
46:19 Capped Ram
48:34 Siege Ram
50:52 Plate Barding Armor
Tameryig1t
10:59 Feudal Age
12:16 Double-Bit Axe
15:18 Castle Age
14:56 Horse Collar
19:33 Bow Saw
22:44 Loom
23:01 Padded Archer Armor
25:48 Heavy Plow
26:27 Wheelbarrow
31:05 Imperial Age
28:50 Hand Cart
28:21 Town Watch
30:13 Hand Cart
29:37 Man-at-Arms
30:17 Squires
30:02 Arson
30:18 Arson
30:36 Scale Mail Armor
30:53 Husbandry
31:08 Long Swordsman
32:11 Conscription
32:20 Chain Mail Armor
32:15 Forging
32:55 Bloodlines
32:06 Cavalier
32:06 Light Cavalry
33:45 Plate Mail Armor
33:19 Two-Handed Swordsman
34:54 Crop Rotation
34:45 Scale Barding Armor
35:16 Iron Casting
34:50 Farimba
37:20 Gold Mining
37:21 Stone Mining
39:08 Fletching
39:42 Ballistics
40:58 Chain Barding Armor
44:31 Gold Shaft Mining
47:55 Plate Barding Armor
48:44 Bodkin Arrow
56:25 Chemistry
54:51 Elite Skirmisher
Connection lost

Rejoining the realm…

Still unreachable

The connection could not be restored.

Session expired

The server has moved on; the page needs a fresh start.